[ PARTIDA AOE2 · #479782503 ]
UnrankedBorgoñones vs Khitans
[ ANÁLISIS DE REPETICIÓN · EXTRAÍDO DE LA PARTIDA GRABADA ]
Feudal
14:01
Castillos
26:36
Imperial
—
| APM promedio | 28.0 |
| APM pico | 74 |
| eAPM promedio | 12.6 |
| Aldeanos / militares | 72 / 34 |
Foco
⚔️ 23.6% · 🌾 76.4%
Knight ×19 · Scout Cavalry ×15
Feudal
14:31
Castillos
—
Imperial
—
| APM promedio | 46.3 |
| APM pico | 103 |
| eAPM promedio | 18.0 |
| Aldeanos / militares | 59 / 20 |
Foco
⚔️ 20.5% · 🌾 79.5%
Scout Cavalry ×17 · Archer ×3
Feudal
13:45
Castillos
25:41
Imperial
—
| APM promedio | 32.6 |
| APM pico | 80 |
| eAPM promedio | 17.1 |
| Aldeanos / militares | 40 / 34 |
Foco
⚔️ 36.9% · 🌾 63.1%
Arambai ×14 · Archer ×11 · Spearman ×5 · Skirmisher ×3 · Battle Elephant ×1
Feudal
13:49
Castillos
31:21
Imperial
—
| APM promedio | 19.8 |
| APM pico | 67 |
| eAPM promedio | 10.7 |
| Aldeanos / militares | 34 / 50 |
Foco
⚔️ 26.6% · 🌾 73.4%
Archer ×33 · Fire Lancer ×10 · Spearman ×7
Mapa de la partida
Recursos iniciales + cada clic de construcción. Líneas = muros · curvas = relieve. ◆ oro · ⬟ piedra · ● bayas · ✦ reliquia · ◌ hueco del cierre
Tu base· Abierta — flanco sin cerrar
Base de The_cheems5· Abierta — hueco de 13t
Base de [CL]Black_Sheep· Abierta — hueco de 7t
Base de The_Chocotorro17· Abierta — hueco de 11t
Terreno inicial suavizado · ◌ = hueco del cierre detectado · pasá el cursor para detalles
Inputs por minuto
— Hundeknacker - - The_cheems5
Build order — Hundeknacker
Primeras 150 de 178 acciones detectadas
| 1:00 | Construir | Town Center |
| 2:10 | Construir | House |
| 3:13 | Crear | Villager (Male) |
| 3:14 | Crear | Villager (Male) |
| 3:14 | Crear | Villager (Male) |
| 3:14 | Crear | Villager (Male) |
| 3:15 | Crear | Villager (Male) |
| 3:34 | Construir | Lumber Camp |
| 4:09 | Crear | Villager (Male) |
| 4:09 | Crear | Villager (Male) |
| 4:52 | Construir | House |
| 5:22 | Crear | Villager (Male) |
| 5:22 | Crear | Villager (Male) |
| 6:02 | Crear | Villager (Male) |
| 6:04 | Crear | Villager (Male) |
| 6:04 | Crear | Villager (Male) |
| 6:04 | Crear | Villager (Male) |
| 6:31 | Crear | Villager (Male) |
| 6:35 | Construir | House |
| 7:19 | Crear | Villager (Male) |
| 7:53 | Construir | House |
| 8:01 | Investigar | Loom |
| 8:02 | Crear | Villager (Male) |
| 8:29 | Crear | Villager (Male) |
| 8:51 | Crear | Villager (Male) |
| 9:01 | Construir | House |
| 9:04 | Construir | Barracks |
| 9:05 | Construir | House |
| 9:46 | Crear | Villager (Male) |
| 9:56 | Crear | Villager (Male) |
| 9:56 | Crear | Villager (Male) |
| 9:58 | Crear | Villager (Male) |
| 10:26 | Construir | Mill |
| 11:04 | Crear | Villager (Male) |
| 11:22 | Construir | Farm |
| 11:23 | Construir | Farm |
| 11:50 | Investigar | Feudal Age |
| 11:50 | Investigar | Feudal Age |
| 11:54 | Construir | Farm |
| 13:45 | Construir | Farm |
| 14:01 | Edad | Edad Feudal |
| 14:07 | Construir | Stable |
| 14:11 | Construir | Blacksmith |
| 14:12 | Crear | Villager (Male) |
| 14:29 | Investigar | Double-Bit Axe |
| 14:29 | Investigar | Double-Bit Axe |
| 14:32 | Investigar | Horse Collar |
| 14:38 | Crear | Villager (Male) |
| 14:50 | Crear | Scout Cavalry |
| 14:50 | Crear | Scout Cavalry |
| 15:02 | Crear | Villager (Male) |
| 15:08 | Construir | Farm |
| 15:24 | Crear | Scout Cavalry |
| 15:45 | Crear | Villager (Male) |
| 15:53 | Crear | Scout Cavalry |
| 15:54 | Crear | Villager (Male) |
| 16:06 | Construir | Farm |
| 16:14 | Construir | Farm |
| 16:15 | Crear | Villager (Male) |
| 16:16 | Crear | Scout Cavalry |
| 16:36 | Investigar | Scale Barding Armor |
| 17:01 | Crear | Scout Cavalry |
| 17:17 | Crear | Scout Cavalry |
| 17:19 | Crear | Villager (Male) |
| 17:20 | Crear | Villager (Male) |
| 17:24 | Construir | House |
| 17:25 | Construir | House |
| 17:26 | Construir | House |
| 17:38 | Investigar | Forging |
| 17:58 | Crear | Scout Cavalry |
| 18:00 | Crear | Villager (Male) |
| 18:07 | Construir | Farm |
| 18:07 | Construir | Farm |
| 18:11 | Construir | Farm |
| 18:12 | Construir | Farm |
| 18:43 | Crear | Scout Cavalry |
| 18:45 | Crear | Villager (Male) |
| 18:55 | Construir | Farm |
| 19:04 | Crear | Scout Cavalry |
| 19:05 | Crear | Villager (Male) |
| 19:06 | Crear | Villager (Male) |
| 19:10 | Construir | House |
| 19:11 | Construir | House |
| 19:39 | Crear | Scout Cavalry |
| 19:39 | Crear | Scout Cavalry |
| 19:53 | Crear | Scout Cavalry |
| 20:03 | Crear | Scout Cavalry |
| 20:11 | Crear | Villager (Male) |
| 20:14 | Construir | Farm |
| 20:18 | Construir | Farm |
| 20:18 | Construir | Farm |
| 20:59 | Crear | Scout Cavalry |
| 21:01 | Crear | Villager (Male) |
| 21:09 | Crear | Villager (Male) |
| 21:16 | Construir | Farm |
| 21:17 | Construir | Farm |
| 21:19 | Construir | Farm |
| 21:30 | Crear | Villager (Male) |
| 21:49 | Investigar | Wheelbarrow |
| 22:14 | Construir | Farm |
| 22:32 | Crear | Villager (Male) |
| 22:41 | Construir | Market |
| 22:42 | Construir | House |
| 23:19 | Construir | House |
| 23:22 | Construir | Palisade Wall |
| 23:46 | Crear | Villager (Male) |
| 23:55 | Investigar | Castle Age |
| 23:55 | Investigar | Castle Age |
| 24:07 | Construir | Mining Camp |
| 24:27 | Construir | Farm |
| 25:04 | Construir | Lumber Camp |
| 26:04 | Construir | Stable |
| 26:36 | Edad | Edad de los Castillos |
| 26:44 | Crear | Knight |
| 26:52 | Investigar | Cavalier (upgrade) |
| 27:06 | Crear | Knight |
| 27:06 | Crear | Knight |
| 27:11 | Crear | Villager (Male) |
| 27:11 | Crear | Villager (Male) |
| 27:11 | Crear | Villager (Male) |
| 27:12 | Crear | Villager (Male) |
| 27:18 | Construir | Town Center |
| 27:30 | Crear | Knight |
| 27:49 | Crear | Knight |
| 28:20 | Crear | Villager (Male) |
| 28:21 | Crear | Villager (Male) |
| 28:25 | Crear | Knight |
| 28:25 | Crear | Knight |
| 28:39 | Construir | Monastery |
| 28:40 | Crear | Villager (Male) |
| 28:41 | Crear | Villager (Male) |
| 28:41 | Crear | Villager (Male) |
| 28:45 | Investigar | Hand Cart |
| 28:46 | Investigar | Town Watch |
| 28:47 | Crear | Knight |
| 28:47 | Crear | Knight |
| 28:57 | Crear | Knight |
| 28:58 | Crear | Knight |
| 29:00 | Crear | Villager (Male) |
| 29:19 | Crear | Knight |
| 29:22 | Crear | Villager (Male) |
| 29:32 | Construir | House |
| 29:33 | Construir | House |
| 29:34 | Construir | House |
| 29:34 | Construir | House |
| 29:36 | Crear | Villager (Male) |
| 29:36 | Crear | Villager (Male) |
| 29:44 | Construir | Mining Camp |
| 30:02 | Construir | Farm |
| 30:05 | Construir | Farm |
Build order — The_cheems5
127 acciones detectadas en el replay
| 0:56 | Construir | Town Center |
| 1:10 | Construir | House |
| 1:12 | Construir | House |
| 3:19 | Crear | Villager (Male) |
| 3:20 | Crear | Villager (Male) |
| 3:20 | Crear | Villager (Male) |
| 3:20 | Crear | Villager (Male) |
| 3:20 | Crear | Villager (Male) |
| 4:37 | Construir | Mill |
| 4:40 | Crear | Villager (Male) |
| 4:40 | Crear | Villager (Male) |
| 5:01 | Investigar | Loom |
| 5:06 | Crear | Villager (Male) |
| 5:06 | Crear | Villager (Male) |
| 5:49 | Crear | Villager (Male) |
| 6:21 | Crear | Villager (Male) |
| 6:54 | Crear | Villager (Male) |
| 7:35 | Crear | Villager (Male) |
| 7:35 | Crear | Villager (Male) |
| 7:52 | Crear | Villager (Male) |
| 8:09 | Construir | Lumber Camp |
| 8:20 | Crear | Villager (Male) |
| 8:30 | Crear | Villager (Male) |
| 8:40 | Construir | House |
| 9:01 | Crear | Villager (Male) |
| 9:10 | Crear | Villager (Male) |
| 9:10 | Crear | Villager (Male) |
| 9:37 | Crear | Villager (Male) |
| 9:37 | Crear | Villager (Male) |
| 9:43 | Construir | House |
| 10:16 | Crear | Villager (Male) |
| 10:16 | Crear | Villager (Male) |
| 10:16 | Crear | Villager (Male) |
| 10:17 | Crear | Villager (Male) |
| 10:22 | Construir | House |
| 11:08 | Crear | Villager (Male) |
| 11:28 | Crear | Villager (Male) |
| 12:21 | Investigar | Feudal Age |
| 12:31 | Construir | Mining Camp |
| 13:09 | Construir | Barracks |
| 13:15 | Crear | Villager (Male) |
| 13:26 | Crear | Villager (Male) |
| 13:34 | Construir | House |
| 14:17 | Crear | Villager (Male) |
| 14:31 | Edad | Edad Feudal |
| 14:34 | Construir | Archery Range |
| 14:47 | Construir | Watch Tower |
| 14:52 | Investigar | Town Watch |
| 15:00 | Crear | Villager (Male) |
| 15:06 | Construir | Mining Camp |
| 15:52 | Crear | Villager (Male) |
| 15:53 | Crear | Villager (Male) |
| 16:02 | Crear | Archer |
| 16:19 | Crear | Villager (Male) |
| 16:43 | Construir | Pasture |
| 16:49 | Crear | Archer |
| 17:04 | Construir | House |
| 17:17 | Construir | Stable |
| 17:21 | Crear | Archer |
| 17:52 | Construir | Mill |
| 18:39 | Crear | Villager (Male) |
| 18:39 | Crear | Villager (Male) |
| 19:06 | Construir | Market |
| 19:11 | Construir | Pasture |
| 19:23 | Crear | Villager (Male) |
| 19:47 | Crear | Scout Cavalry |
| 19:47 | Crear | Scout Cavalry |
| 19:57 | Construir | Watch Tower |
| 20:15 | Construir | Blacksmith |
| 20:38 | Crear | Villager (Male) |
| 20:43 | Construir | Pasture |
| 21:03 | Crear | Villager (Male) |
| 21:48 | Crear | Scout Cavalry |
| 22:03 | Crear | Scout Cavalry |
| 22:12 | Construir | House |
| 22:14 | Construir | House |
| 22:41 | Crear | Villager (Male) |
| 22:41 | Crear | Villager (Male) |
| 22:41 | Crear | Villager (Male) |
| 23:03 | Crear | Scout Cavalry |
| 23:05 | Crear | Villager (Male) |
| 23:16 | Construir | House |
| 23:18 | Construir | Pasture |
| 23:28 | Investigar | Forging |
| 23:39 | Crear | Villager (Male) |
| 23:46 | Construir | Watch Tower |
| 23:48 | Crear | Villager (Male) |
| 24:01 | Crear | Villager (Male) |
| 24:05 | Construir | Pasture |
| 24:33 | Crear | Scout Cavalry |
| 24:39 | Crear | Villager (Male) |
| 24:49 | Crear | Scout Cavalry |
| 25:00 | Crear | Villager (Male) |
| 25:28 | Crear | Scout Cavalry |
| 25:28 | Crear | Scout Cavalry |
| 25:45 | Crear | Villager (Male) |
| 25:46 | Crear | Villager (Male) |
| 25:46 | Crear | Villager (Male) |
| 26:02 | Construir | Watch Tower |
| 26:32 | Construir | Watch Tower |
| 26:37 | Crear | Scout Cavalry ×3 |
| 26:38 | Crear | Scout Cavalry ×3 |
| 26:46 | Construir | House |
| 28:10 | Construir | Watch Tower |
| 28:22 | Crear | Villager (Male) |
| 28:22 | Crear | Villager (Male) |
| 28:29 | Construir | Pasture |
| 28:30 | Construir | Pasture |
| 28:30 | Construir | Pasture |
| 28:30 | Construir | Pasture |
| 28:30 | Construir | Pasture |
| 28:30 | Construir | Pasture |
| 28:31 | Construir | Pasture |
| 28:31 | Construir | Pasture |
| 28:31 | Construir | Pasture |
| 28:45 | Investigar | Scale Barding Armor |
| 28:46 | Investigar | Fletching |
| 28:57 | Investigar | Wheelbarrow |
| 29:35 | Crear | Scout Cavalry |
| 29:36 | Crear | Scout Cavalry |
| 29:52 | Investigar | Double-Bit Axe |
| 30:54 | Construir | Mining Camp |
| 30:57 | Crear | Villager (Male) |
| 31:37 | Crear | Villager (Male) |
| 31:38 | Crear | Villager (Male) |
| 32:35 | Crear | Villager (Male) |
| 32:35 | Crear | Villager (Male) |
Build order — [CL]Black_Sheep
134 acciones detectadas en el replay
| 0:12 | Construir | Town Center |
| 0:33 | Construir | Town Center |
| 0:43 | Construir | House |
| 0:56 | Construir | House |
| 2:54 | Crear | Villager (Male) |
| 2:55 | Crear | Villager (Male) |
| 2:55 | Crear | Villager (Male) |
| 2:55 | Crear | Villager (Male) |
| 3:52 | Construir | Palisade Gate |
| 4:02 | Construir | House |
| 4:17 | Investigar | Loom |
| 4:27 | Crear | Villager (Male) |
| 4:42 | Crear | Villager (Male) |
| 5:26 | Crear | Villager (Male) |
| 5:26 | Crear | Villager (Male) |
| 5:33 | Construir | Lumber Camp |
| 6:15 | Crear | Villager (Male) |
| 6:15 | Crear | Villager (Male) |
| 6:35 | Construir | House |
| 6:44 | Crear | Villager (Male) |
| 6:53 | Construir | House |
| 7:24 | Crear | Villager (Male) |
| 7:36 | Crear | Villager (Male) |
| 8:00 | Construir | House |
| 8:09 | Crear | Villager (Male) |
| 8:23 | Construir | Mill |
| 8:58 | Crear | Villager (Male) |
| 9:22 | Crear | Villager (Male) |
| 10:10 | Crear | Villager (Male) |
| 10:31 | Crear | Villager (Male) |
| 10:44 | Crear | Villager (Male) |
| 11:14 | Construir | House |
| 11:35 | Investigar | Feudal Age |
| 11:35 | Investigar | Feudal Age |
| 11:38 | Construir | Mining Camp |
| 12:36 | Construir | Barracks |
| 13:23 | Construir | Mill |
| 13:45 | Edad | Edad Feudal |
| 13:47 | Crear | Villager (Male) |
| 13:50 | Construir | Archery Range |
| 14:03 | Crear | Villager (Male) |
| 14:08 | Crear | Villager (Male) |
| 14:28 | Crear | Spearman |
| 14:38 | Crear | Archer |
| 14:38 | Crear | Archer |
| 14:38 | Crear | Archer |
| 14:53 | Crear | Villager (Male) |
| 15:31 | Crear | Archer |
| 15:38 | Crear | Villager (Male) |
| 15:42 | Crear | Spearman |
| 15:47 | Construir | Mill |
| 15:51 | Construir | Mill |
| 16:03 | Construir | House |
| 16:04 | Construir | House |
| 16:05 | Crear | Villager (Male) |
| 16:09 | Investigar | Town Watch |
| 16:27 | Construir | Farm |
| 16:28 | Construir | Farm |
| 16:32 | Construir | House |
| 16:35 | Construir | House |
| 16:49 | Crear | Villager (Male) |
| 17:24 | Construir | Blacksmith |
| 18:05 | Crear | Villager (Male) |
| 18:06 | Crear | Villager (Male) |
| 18:29 | Construir | Farm |
| 18:31 | Construir | Farm |
| 18:45 | Crear | Archer |
| 18:45 | Crear | Archer |
| 18:46 | Crear | Archer |
| 18:47 | Crear | Skirmisher |
| 18:48 | Crear | Villager (Male) |
| 19:01 | Construir | Farm |
| 19:01 | Construir | Farm |
| 19:36 | Construir | Watch Tower |
| 19:55 | Investigar | Fletching |
| 19:58 | Crear | Skirmisher |
| 20:39 | Construir | Mining Camp |
| 20:41 | Crear | Villager (Male) |
| 20:51 | Construir | Lumber Camp |
| 20:53 | Crear | Villager (Male) |
| 20:59 | Crear | Villager (Male) |
| 21:05 | Crear | Archer |
| 21:05 | Crear | Archer |
| 21:23 | Crear | Skirmisher |
| 21:27 | Crear | Archer |
| 21:46 | Crear | Villager (Male) |
| 22:13 | Crear | Archer |
| 22:28 | Crear | Villager (Male) |
| 23:01 | Investigar | Castle Age |
| 23:16 | Construir | Mining Camp |
| 23:46 | Construir | House |
| 23:53 | Construir | House |
| 23:54 | Construir | Palisade Wall |
| 24:03 | Construir | Palisade Wall |
| 24:04 | Construir | House |
| 24:07 | Construir | Palisade Wall |
| 24:11 | Construir | Palisade Gate |
| 24:12 | Crear | Villager (Male) |
| 24:15 | Construir | House |
| 24:18 | Construir | House |
| 24:30 | Investigar | Horse Collar |
| 25:01 | Construir | Market |
| 25:28 | Crear | Spearman |
| 25:40 | Construir | Stable |
| 25:41 | Edad | Edad de los Castillos |
| 25:51 | Investigar | Scale Barding Armor |
| 26:06 | Crear | Spearman |
| 26:15 | Construir | Palisade Gate |
| 26:17 | Construir | Palisade Wall |
| 26:19 | Construir | House |
| 26:23 | Construir | House |
| 26:24 | Crear | Villager (Male) |
| 26:34 | Crear | Battle Elephant |
| 26:59 | Crear | Spearman |
| 27:10 | Construir | Castle |
| 27:18 | Construir | Castle |
| 27:20 | Crear | Villager (Male) |
| 28:10 | Crear | Villager (Male) |
| 28:51 | Crear | Arambai |
| 28:51 | Crear | Arambai |
| 29:15 | Crear | Arambai |
| 29:15 | Crear | Arambai |
| 29:16 | Crear | Arambai |
| 29:38 | Crear | Arambai |
| 29:40 | Crear | Villager (Male) |
| 30:13 | Crear | Arambai |
| 30:59 | Crear | Arambai |
| 31:00 | Crear | Arambai |
| 31:49 | Crear | Arambai |
| 31:49 | Crear | Arambai |
| 31:49 | Crear | Arambai |
| 32:36 | Crear | Arambai |
| 32:36 | Crear | Arambai |
| 33:06 | Crear | Villager (Male) |
Build order — The_Chocotorro17
113 acciones detectadas en el replay
| 0:27 | Construir | Town Center |
| 2:26 | Construir | House |
| 2:34 | Crear | Villager (Male) |
| 2:35 | Crear | Villager (Male) |
| 2:35 | Crear | Villager (Male) |
| 2:36 | Crear | Villager (Male) |
| 2:44 | Construir | House |
| 3:42 | Investigar | Loom |
| 4:13 | Crear | Villager (Male) |
| 4:13 | Crear | Villager (Male) |
| 4:36 | Construir | Lumber Camp |
| 5:04 | Crear | Villager (Male) |
| 5:45 | Crear | Villager (Male) |
| 6:15 | Crear | Villager (Male) |
| 6:16 | Crear | Villager (Male) |
| 6:17 | Crear | Villager (Male) |
| 7:07 | Crear | Villager (Male) |
| 7:10 | Construir | House |
| 7:42 | Crear | Villager (Male) |
| 8:25 | Construir | House |
| 8:55 | Crear | Villager (Male) |
| 8:55 | Crear | Villager (Male) |
| 9:36 | Crear | Villager (Male) |
| 10:10 | Crear | Villager (Male) |
| 10:12 | Crear | Villager (Male) |
| 11:13 | Construir | Mill |
| 11:39 | Investigar | Feudal Age |
| 11:58 | Construir | House |
| 12:46 | Construir | Mining Camp |
| 13:25 | Construir | House |
| 13:36 | Construir | Barracks |
| 13:49 | Edad | Edad Feudal |
| 14:00 | Crear | Villager (Male) |
| 14:00 | Crear | Villager (Male) |
| 14:15 | Construir | Archery Range |
| 14:23 | Construir | Archery Range |
| 14:41 | Construir | Blacksmith |
| 15:01 | Crear | Villager (Male) |
| 15:01 | Crear | Villager (Male) |
| 15:41 | Investigar | Fletching |
| 15:45 | Crear | Archer ×4 |
| 15:54 | Construir | House |
| 15:55 | Construir | House |
| 17:26 | Crear | Archer ×4 |
| 18:14 | Crear | Archer |
| 18:15 | Crear | Archer |
| 18:17 | Investigar | Padded Archer Armor |
| 18:19 | Crear | Villager (Male) |
| 18:19 | Crear | Villager (Male) |
| 18:40 | Crear | Spearman |
| 18:48 | Construir | House |
| 18:50 | Crear | Villager (Male) |
| 18:58 | Crear | Archer |
| 18:58 | Crear | Archer |
| 20:19 | Crear | Archer |
| 20:19 | Crear | Archer |
| 20:20 | Crear | Archer |
| 20:31 | Construir | Watch Tower |
| 20:38 | Crear | Spearman |
| 20:45 | Crear | Villager (Male) |
| 20:45 | Crear | Villager (Male) |
| 21:08 | Crear | Villager (Male) |
| 21:54 | Crear | Archer |
| 21:54 | Crear | Archer |
| 21:54 | Crear | Archer |
| 21:54 | Crear | Archer |
| 21:56 | Crear | Archer |
| 21:57 | Crear | Archer |
| 22:38 | Crear | Villager (Male) |
| 22:39 | Crear | Villager (Male) |
| 22:44 | Construir | Farm |
| 22:44 | Construir | Farm |
| 22:52 | Construir | House |
| 22:54 | Construir | House |
| 22:59 | Crear | Archer |
| 22:59 | Crear | Archer |
| 23:50 | Crear | Archer |
| 23:50 | Crear | Archer |
| 23:51 | Crear | Villager (Male) |
| 23:52 | Crear | Villager (Male) |
| 23:55 | Construir | Farm |
| 23:56 | Construir | Farm |
| 25:03 | Crear | Archer |
| 25:04 | Crear | Archer |
| 25:04 | Crear | Archer |
| 25:04 | Crear | Archer |
| 25:53 | Crear | Archer |
| 25:53 | Crear | Archer |
| 25:54 | Crear | Archer |
| 25:54 | Crear | Archer |
| 26:07 | Crear | Villager (Male) |
| 26:07 | Crear | Villager (Male) |
| 26:11 | Construir | Farm |
| 26:11 | Construir | Farm |
| 26:12 | Construir | Farm |
| 26:12 | Construir | Farm |
| 28:41 | Investigar | Castle Age |
| 29:33 | Construir | Barracks |
| 29:56 | Construir | Barracks |
| 30:43 | Crear | Spearman ×5 |
| 30:45 | Investigar | Forging |
| 30:52 | Construir | Blacksmith |
| 31:21 | Edad | Edad de los Castillos |
| 31:34 | Crear | Fire Lancer ×5 |
| 31:45 | Construir | Market |
| 31:48 | Construir | Palisade Wall |
| 31:57 | Construir | Stone Wall |
| 32:02 | Construir | House |
| 32:13 | Construir | Town Center |
| 32:28 | Construir | House |
| 32:32 | Construir | Stone Wall |
| 32:59 | Construir | Town Center |
| 33:02 | Crear | Fire Lancer ×5 |
Cronología de la partida
| 9:04 | Hundeknacker · first_building Barracks |
| 12:36 | [CL]Black_Sheep · first_building Barracks |
| 13:09 | The_cheems5 · first_building Barracks |
| 13:36 | The_Chocotorro17 · first_building Barracks |
| 13:45 | [CL]Black_Sheep · age_up feudal |
| 13:49 | The_Chocotorro17 · age_up feudal |
| 13:50 | [CL]Black_Sheep · first_building Archery Range |
| 14:01 | Hundeknacker · age_up feudal |
| 14:07 | Hundeknacker · first_building Stable |
| 14:15 | The_Chocotorro17 · first_building Archery Range |
| 14:31 | The_cheems5 · age_up feudal |
| 14:34 | The_cheems5 · first_building Archery Range |
| 17:17 | The_cheems5 · first_building Stable |
| 23:22 | Hundeknacker · wall_segment Palisade Wall x1 |
| 23:52 | Hundeknacker · first_market_sell 100 wood |
| 23:54 | [CL]Black_Sheep · wall_segment Palisade Wall x1 |
| 24:03 | [CL]Black_Sheep · wall_segment Palisade Wall x1 |
| 24:07 | [CL]Black_Sheep · wall_segment Palisade Wall x1 |
| 25:40 | [CL]Black_Sheep · first_building Stable |
| 25:41 | [CL]Black_Sheep · age_up castle |
| 26:17 | [CL]Black_Sheep · wall_segment Palisade Wall x1 |
| 26:32 | [CL]Black_Sheep · first_market_buy 100 food |
| 26:36 | Hundeknacker · age_up castle |
| 27:10 | [CL]Black_Sheep · first_building Castle |
| 28:39 | Hundeknacker · first_building Monastery |
| 31:21 | The_Chocotorro17 · age_up castle |
| 31:48 | The_Chocotorro17 · wall_segment Palisade Wall x1 |
| 31:57 | The_Chocotorro17 · wall_segment Stone Wall x1 |
| 32:08 | The_Chocotorro17 · first_market_buy 100 stone |
| 32:32 | The_Chocotorro17 · wall_segment Stone Wall x1 |
| 32:46 | The_cheems5 · first_market_buy 100 food |
| 33:08 | The_cheems5 · resign |
[ ANÁLISIS IA · 1 CRÉDITO ]
¿Qué pasó realmente en esta partida?
Wolo.gg analiza cada decisión: build order, eco, micro, errores típicos por bracket. Análisis personalizado por WhatsApp o Discord en 30 segundos.
Guía civ
Borgoñones
Perfil
Jugador #4411383